 Dungeon Crawl Stone Soup version 0.25.1-2-g60ff931df9 (webtiles) character file.

Game seed: 5392041731521991083

2275 Acheron the Poker (level 9, -14/48 HPs)
             Began as a Tengu Chaos Knight on Aug 12, 2020.
             Was a Plaything of Xom.
             Demolished by an ogre
             ... wielding a +0 giant club
              (20 damage)
             ... on level 8 of the Dungeon.
             The game lasted 00:41:12 (6906 turns).

Acheron the Poker (Tengu Chaos Knight)              Turns: 6906, Time: 00:41:12

Health: -14/48     AC:  7    Str: 13    XL:     9   Next: 39%
Magic:  13/13      EV: 11    Int: 13    God:    Xom [...*..]
Gold:   227        SH:  5    Dex: 18    Spells: 13/13 levels left

rFire    . . .     SeeInvis .   u - +0 glaive
rCold    . . .     Gourm    .   (shield currently unavailable)
rNeg     . . .     Faith    .   z - +1 scale mail {rPois}
rPois    +         Spirit   .   (helmet restricted)
rElec    .         Reflect  +   (no cloak)
rCorr    .         Harm     .   (no gloves)
MR       .....                  (boots unavailable)
Stlth    ++........             o - amulet of reflection
HPRegen  0.16/turn              (no ring)
MPRegen  0.13/turn              m - ring of poison resistance

@: no status effects
A: beak, talons 3, slimy green scales 1, agile 1, blurry vision 1, deformed
body, frail 1, able to fly
a: Fly, Renounce Religion


You were on level 8 of the Dungeon.
You worshipped Xom.
You were a favourite toy of Xom.
You were not hungry.

You visited 2 branches of the dungeon, and saw 9 of its levels.

You collected 227 gold pieces.

Inventory:

Hand Weapons
 a - a +0 hand axe of chaos
 f - a +1 spear of chaos
 h - a +0 hand crossbow
 s - a +0 short sword
 u - a +0 glaive (weapon)
 C - a +2 broad axe of flaming
Missiles
 d - 91 sling bullets
 g - 8 boomerangs
 i - 5 javelins
 l - 104 stones
 r - 31 poisoned darts (quivered)
Armour
 b - a +3 leather armour
 x - a +0 ring mail
 z - a +1 scale mail of poison resistance (worn)
Jewellery
 m - a ring of poison resistance (right hand)
 o - an amulet of reflection (around neck)
 t - an uncursed amulet of guardian spirit
Wands
 B - a wand of flame (18)
Scrolls
 e - 2 scrolls of enchant armour
 p - a scroll of teleportation
 w - a scroll of amnesia
 y - a scroll of magic mapping
 A - a scroll of blinking
 D - a scroll of remove curse
Potions
 j - 3 potions of might
 k - a potion of lignification
 q - 4 potions of curing
 v - a potion of haste
Comestibles
 c - 15 rations
 n - 6 chunks of flesh


   Skills:
 * Level 5.4 Fighting
 + Level 4.1(5.9) Axes
 + Level 6.6(7.2) Polearms
 * Level 3.8 Throwing
 * Level 5.0 Armour
 * Level 4.5 Dodging
 * Level 4.6 Stealth
 * Level 2.6 Spellcasting
 * Level 0.8 Evocations


You had 13 spell levels left.
You didn't know any spells.
Your spell library was empty.

Dungeon Overview and Level Annotations

Branches:
Dungeon (9/15)             Temple (1/1) D:4
   Lair: D:8-11         Orc: D:9-12

Altars:
Ashenzari
Cheibriados
Dithmenos
Fedhas
Gozag
Kikubaaqudgha
Makhleb
Nemelex Xobeh
Okawaru
Qazlal
Ru
Sif Muna
Trog
Uskayaw
Vehumet
Xom
Yredelemnul
Zin
The Shining One

Annotations:
D:4 exclusion: downstairs
D:5 exclusion: downstairs, Edmund
D:9 exclusion: upstairs


Innate Abilities, Weirdness & Mutations

You have a beak for a mouth.
You have claws for feet.
You can fly continuously.
You are partially covered in slimy green scales. (AC +2)
You are agile. (Dex +2)
Scrolls take you a little longer to read.
Armour fits poorly on your strangely shaped body.
You are frail. (-10% HP)


Message History

Attack whom?
Press: ? - help, Dir - move target cursor, f - ogre
Aim: an ogre, wielding a +0 giant club You reach to attack!
You slash the ogre!
The ogre is heavily wounded.
The ogre hits you with a +0 giant club!!
Ouch! That really hurt!
* * * LOW HITPOINT WARNING * * *
Xom thinks this is hilarious!
You slash the ogre!
The ogre is almost dead.
The ogre misses you.
Attack whom?
Press: ? - help, Dir - move target cursor, f/p - ogre
Aim: an ogre, wielding a +0 giant club (almost dead)
You reach to attack!
You hit the ogre but do no damage.
The ogre is almost dead.
The ogre hits you with a +0 giant club!!
You die...
Xom is highly amused!

# ..###### .# # ∆ #
.......#####.##.# #.#
###...........∆ ∆
##..<####...........#
#....rO@..####..#.###
∆
#.##..#######.........
∆
..................###
..........#.†..#.####
........(....>##.#
..........#...##.#
#.#####.###.....r# #.
.##......##..#####
..###............##.#


You could see an ogre and a quokka.

Vanquished Creatures
  A blink frog (D:4)
  An ice beast (D:5)
  A black bear (D:6)
  A sky beast (D:5)
  5 ogres
  2 centaurs
  2 bullfrogs
  4 scorpions
  A killer bee (D:8)
  A howler monkey (D:8)
  A crimson imp (D:4)
  2 hounds
  A gnoll shaman (D:4)
  An orc wizard (D:5)
  6 worker ants
  2 hound skeletons
  8 gnolls
  A howler monkey skeleton (D:5)
  7 adders
  7 river rats (D:5)
  A shadow imp (D:6)
  3 oozes
  5 worms
  A dart slug (D:4)
  4 leopard geckos
  8 orcs
  5 giant cockroaches
  7 goblins
  7 hobgoblins
  13 jackals
  10 quokkas
  7 bats
  18 frilled lizards
  6 kobolds
  A quokka skeleton (D:4)
  22 rats
173 creatures vanquished.

Vanquished Creatures (collateral kills)
  2 centaurs (D:5)
  A gnoll (D:9)
  A leopard gecko (D:5)
  A ball python (D:4)
  A rat (D:5)
6 creatures vanquished.

Vanquished Creatures (others)
  A gnoll shaman (D:9)
1 creature vanquished.

Grand Total: 180 creatures vanquished

Notes
Turn   | Place    | Note
-------+----------+-------------------------------------------
     0 | D:1      | Acheron the Tengu Chaos Knight began the quest for the Orb.
     0 | D:1      | Reached XP level 1. HP: 14/14 MP: 2/2
     6 | D:1      | XOM: divination: magic mapping
   190 | D:1      | XOM: noise
   193 | D:1      | Reached XP level 2. HP: 19/19 MP: 3/3
   351 | D:1      | XOM: silly message
   460 | D:2      | Reached skill level 1 in Stealth
   460 | D:2      | Reached XP level 3. HP: 19/23 MP: 4/4
   519 | D:2      | XOM: give mutations
   519 | D:2      | Gained mutation: You are frail. (-10% HP) [Xom's mischief]
   519 | D:2      | Gained mutation: Armour fits poorly on your strangely
                  | shaped body. [Xom's mischief]
   644 | D:2      | XOM: 5-stop teleportation journey
   711 | D:2      | XOM: summons 2 hostile demons
   753 | D:3      | XOM: give mutation
   753 | D:3      | Gained mutation: Scrolls take you a little longer to read.
                  | [Xom's mischief]
   849 | D:3      | XOM: 1-stop teleportation journey
   947 | D:3      | XOM: silly message
  1253 | D:4      | Found a staircase to the Ecumenical Temple.
  1260 | Temple   | Entered the Ecumenical Temple
  1264 | Temple   | XOM: silly message
  1373 | Temple   | XOM: silly message
  1409 | Temple   | XOM: god gift: runed spear {god gift}
  1428 | D:4      | Noticed an ogre
  1433 | D:4      | XOM: divination: magic mapping
  1436 | D:4      | XOM: cast spell 'Shadow Creatures'
  1599 | D:3      | Reached XP level 4. HP: 25/25 MP: 5/5
  2239 | D:2      | XOM: confusion (+ monsters)
  2336 | D:1      | XOM: god gift: glaive {god gift}
  2488 | D:1      | XOM: god gift: scroll labeled ZOT NA CESIMM {god gift}
  2566 | D:1      | XOM: scenery: create altars
  2595 | D:1      | XOM: 3-stop teleportation journey
  2688 | D:1      | XOM: give mutations
  2688 | D:1      | Gained mutation: You are agile. (Dex +2) [Xom's grace]
  2688 | D:1      | Gained mutation: You are partially covered in slimy green
                  | scales. (AC +2) [Xom's grace]
  2711 | D:1      | XOM: god gift: hand crossbow {god gift}
  2730 | D:2      | XOM: scenery: create altars
  2903 | D:4      | Noticed an ogre
  3010 | D:4      | Gained mutation: You can fly continuously. [Tengu growth]
  3010 | D:4      | Reached XP level 5. HP: 28/28 MP: 6/6
  3010 | D:4      | XOM: 2-stop teleportation journey
  3065 | D:4      | Reached skill level 1 in Throwing
  3184 | D:4      | Noticed an ogre
  3188 | D:4      | XOM: butterfly on damage
  3207 | D:4      | Killed an ogre
  3207 | D:4      | Reached skill level 1 in Polearms
  3207 | D:4      | Reached XP level 6. HP: 20/34 MP: 7/7
  3367 | D:4      | Reached skill level 2 in Polearms
  3735 | D:4      | Noticed a blink frog
  3735 | D:4      | an ogre changed into a blink frog
  3735 | D:4      | XOM: polymorph ogre -> blink frog
  3760 | D:4      | XOM: 1-stop teleportation journey
  3983 | D:5      | Entered Level 5 of the Dungeon
  4022 | D:6      | Noticed a black bear
  4030 | D:6      | Killed a black bear
  4030 | D:6      | Reached skill level 3 in Polearms
  4030 | D:6      | Reached XP level 7. HP: 24/38 MP: 8/8
  4224 | D:6      | XOM: potion effect (stabbing)
  4377 | D:5      | Noticed Edmund
  4791 | D:4      | XOM: butterfly on damage
  4814 | D:4      | XOM: enchant monster (good)
  4816 | D:4      | XOM: summons friendly iron imp
  4844 | D:4      | Killed a blink frog
  4844 | D:4      | Reached skill level 4 in Polearms
  4895 | D:4      | Reached XP level 8. HP: 35/43 MP: 10/10
  4952 | D:5      | XOM: smoke on damage
  5002 | D:4      | Reached skill level 1 in Spellcasting
  5058 | D:4      | XOM: confuse monster(s)
  5559 | D:4      | Reached skill level 5 in Polearms
  5596 | D:4      | XOM: stat loss: -1 Dex (17/18)
  5837 | D:5      | XOM: 3-stop teleportation journey
  5862 | D:5      | XOM: cast spell 'Alistair's Intoxication'
  5873 | D:5      | Reached skill level 5 in Fighting
  6162 | D:5      | XOM: divination: magic mapping
  6185 | D:5      | Reached skill level 6 in Polearms
  6187 | D:5      | Reached XP level 9. HP: 48/48 MP: 13/13
  6246 | D:5      | XOM: cast spell 'Monstrous Menagerie'
  6366 | D:4      | XOM: god gift: scroll of blinking
  6613 | D:6      | You fall into a shaft and drop 3 floors!
  6699 | D:9      | XOM: divination: detect items
  6736 | D:9      | XOM: enchant monster (good)
  6777 | D:9      | XOM: cloud trail
  6810 | D:8      | Reached skill level 5 in Armour
  6864 | D:9      | XOM: destruction
  6899 | D:8      | XOM: divination: detect items
  6906 | D:8      | Demolished by an ogre

Illustrated notes

Levels and vault maps discovered:
D:1:      dpeg_arrival_tiny_j, layout_basic
D:2:      layout_rooms
D:3:      layout_loops_ring, minmay_lizard_king
D:4:      minmay_evil_eye, layout_basic, temple_green, first_ration,
          kennysheep_generic_room_9
D:5:      lemuel_ratsnest, layout_cave_pools, uniq_edmund
D:6:      black_bear_nest_2, layout_rooms, kennysheep_little_box,
          ebering_ghost_disaster_area, sigmund_army, uniq_pikel
D:8:      layout_rooms
D:9:      layout_basic, gammafunk_temple_overflow_wave, grunt_ministairs_14,
          david_nohive_1, minivault_25
Temple:   eino_narrow_crystal_temple

Skill      XL: |  1  2  3  4  5  6  7  8  9 |
---------------+----------------------------+-----
Stealth        | 1 2 3 4 |  4.6
Axes           | 4 |  4.1
Dodging        | 2 3 4 |  4.5
Throwing       | 1 2 3 |  3.8
Polearms       | 1 3 4 6 |  6.6
Armour         | 3 4 5 |  5.0
Fighting       | 4 5 |  5.4
Spellcasting   | 2 |  2.6
Evocations     | |  0.8

Action                   |  1- 3 |  4- 6 |  7- 9 || total
-------------------------+-------+-------+-------++-------
Melee: Hand axe          |    67 |       |       ||    67
       Kick              |    17 |    30 |    57 ||   104
       Peck              |     7 |    19 |    32 ||    58
       Spear             |    20 |    48 |       ||    68
       Glaive            |       |    61 |   228 ||   289
Throw: Dart              |       |    11 |     6 ||    17
  Use: Scroll            |     8 |     7 |     4 ||    19
       Potion            |       |       |     1 ||     1
 Stab: Sleeping          |     2 |     2 |     3 ||     7
       Confused          |       |     1 |       ||     1
       Distracted        |       |       |     3 ||     3
  Eat: Chunk             |     2 |     3 |     4 ||     9
       Ration            |       |     2 |     1 ||     3
Armor: Leather armour    |    32 |    32 |    41 ||   105
       Scale mail        |       |       |     9 ||     9
Dodge: Dodged            |    62 |    86 |   149 ||   297
Block: Other             |       |       |    17 ||    17
       Reflection        |       |       |     2 ||     2
